YL
BELMORE BLUEBIRDS @ CONCORD COMETS
08/06/2022
 
TOP OF THE 1ST
Belmore Bluebirds batting - Pitching for Concord Comets : RHP Clarrie Butler
Pitching: RHP Clarrie Butler
Batting: RHB Clint Moore 0-0: Foul Ball, location: 23F
0-1: Ball
1-1: Foul Ball, location: 25F
1-2: Strikes out swinging
Batting: LHB David Rochow 0-0: Called Strike
0-1: Ball
1-1: Ball
2-1: Foul Ball, location: 23F
2-2: Ball
3-2: Ground out 4-3 (Groundball, 34D, EV 98.1 MPH)
Batting: LHB Jim Cowan 0-0: Ball
1-0: Ball
2-0: Called Strike
2-1: Ball
3-1: Ground out 5-3 (Groundball, 5L, EV 96.3 MPH)
Top of the 1st over - 0 runs, 0 hits, 0 errors, 0 left on base; Belmore 0 - Concord 0
BOTTOM OF THE 1ST
Concord Comets batting - Pitching for Belmore Bluebirds : RHP Freddy Muggleton
Pitching: RHP Freddy Muggleton
Batting: RHB Darryl Cooper 0-0: Called Strike
0-1: Ball
1-1: Ball
2-1: Foul Ball, location: 2LF
2-2: Foul Ball, location: 2RF
2-2: Ball
3-2: Foul Ball, location: 25F
3-2: Foul Ball, location: 23F
3-2: Strikes out swinging
Batting: RHB Brook Ince 0-0: Called Strike
0-1: Foul Ball, location: 2F
0-2: Ball
1-2: Foul Ball, location: 7LMFF
1-2: Strikes out looking
Batting: RHB Josh Bebb 0-0: Ball
1-0: Ball
2-0: Fly out, F3 (Popup, 34, EV 68.8 MPH)
Bottom of the 1st over - 0 runs, 0 hits, 0 errors, 0 left on base; Belmore 0 - Concord 0
TOP OF THE 2ND
Belmore Bluebirds batting - Pitching for Concord Comets : RHP Clarrie Butler
Batting: RHB Shea Venables 0-0: Called Strike
0-1: Swinging Strike
0-2: SINGLE (Groundball, 34D, EV 100.6 MPH)
Batting: LHB Jamie Ash 0-0: Ball
1-0: Ball
2-0: Swinging Strike
2-1: Foul Ball, location: 2F
2-2: Strikes out swinging
Batting: LHB Matt Barnes 0-0: Ball
1-0: Called Strike
1-1: Foul Ball, location: 2F
1-2: Fly out, F7 (Flyball, 7, EV 92.5 MPH)
Batting: RHB David Sadler 0-0: SINGLE (Line Drive, 4M, EV 98.1 MPH)
Shea Venables to second
Runner from 2nd tries for 3rd, SAFE, throw by CF made to third
Batting: RHB Justus Masters 0-0: Called Strike
0-1: Ball
1-1: Ball
2-1: Ball
3-1: Fly out, F9 (Line Drive, 9LM, EV 100.6 MPH)
Top of the 2nd over - 0 runs, 2 hits, 0 errors, 2 left on base; Belmore 0 - Concord 0
BOTTOM OF THE 2ND
Concord Comets batting - Pitching for Belmore Bluebirds : RHP Freddy Muggleton
Batting: RHB Matt Jane 0-0: Ball
1-0: Ball
2-0: Ball
3-0: Called Strike
3-1: Base on Balls
Batting: RHB Billie Footitt 0-0: Ball
1-0: Ball
2-0: Ball
3-0: Base on Balls
Matt Jane to second
Batting: RHB Tim Lewis 0-0: Ball
1-0: Foul Ball, location: 9LDF
1-1: Called Strike
1-2: Grounds into double play, 5-4-3 (Groundball, 56, EV 91.9 MPH)
Matt Jane to third
Batting: RHB Bill Ailen 0-0: Fly out, F9 (Flyball, 9, EV 77.5 MPH)
Bottom of the 2nd over - 0 runs, 0 hits, 0 errors, 1 left on base; Belmore 0 - Concord 0
TOP OF THE 3RD
Belmore Bluebirds batting - Pitching for Concord Comets : RHP Clarrie Butler
Batting: RHB Mitch Aris 0-0: Ball
1-0: Called Strike
1-1: Ball
2-1: Ball
3-1: Base on Balls
Batting: RHB Clint Moore 0-0: Called Strike
0-1: Ball
1-1: Called Strike
1-2: Ball
2-2: Fly out, F5 (Popup, 5F, EV 63.8 MPH)
Batting: LHB David Rochow 0-0: Called Strike
0-1: Called Strike
0-2: Strikes out looking
Batting: LHB Jim Cowan 0-0: Foul Ball, location: 3F
0-1: Foul Ball, location: 3F
0-2: 2-RUN HOME RUN (Flyball, 89XD, EV 110.0 MPH), Distance : 437 ft
Batting: RHB Shea Venables 0-0: Called Strike
0-1: Ball
1-1: Ground out 6-3 (Groundball, 6, EV 84.4 MPH)
Top of the 3rd over - 2 runs, 1 hit, 0 errors, 0 left on base; Belmore 2 - Concord 0
BOTTOM OF THE 3RD
Concord Comets batting - Pitching for Belmore Bluebirds : RHP Freddy Muggleton
Batting: RHB Paul Orr 0-0: Ball
1-0: Called Strike
1-1: Called Strike
1-2: Fly out, F2 (Popup, 2LF, EV 93.1 MPH)
Batting: RHB Darron Juhl 0-0: Ball
1-0: Foul Ball, location: 5DF
1-1: Foul Ball, location: 2F
1-2: Foul Ball, location: 2F
1-2: Strikes out swinging
Batting: RHB Darryl Cooper 0-0: Ball
1-0: Called Strike
1-1: SINGLE (Line Drive, 4MD, EV 105.0 MPH)
Batting: RHB Brook Ince 0-0: Ball
1-0: Ball
Darryl Cooper is caught stealing 2nd base 2-4
Bottom of the 3rd over - 0 runs, 1 hit, 0 errors, 0 left on base; Belmore 2 - Concord 0
TOP OF THE 4TH
Belmore Bluebirds batting - Pitching for Concord Comets : RHP Clarrie Butler
Batting: LHB Jamie Ash 0-0: Called Strike
0-1: Ball
1-1: SINGLE (Line Drive, 7S, EV 89.4 MPH)
Batting: LHB Matt Barnes 0-0: Ball
1-0: Ball
2-0: Foul Ball, location: 2F
2-1: Called Strike
2-2: Ball
3-2: Grounds into double play, 4-6-3 (Groundball, 4, EV 88.8 MPH)
Batting: RHB David Sadler 0-0: Swinging Strike
0-1: Ball
1-1: Called Strike
1-2: Strikes out looking
Top of the 4th over - 0 runs, 1 hit, 0 errors, 0 left on base; Belmore 2 - Concord 0
BOTTOM OF THE 4TH
Concord Comets batting - Pitching for Belmore Bluebirds : RHP Freddy Muggleton
Batting: RHB Brook Ince 0-0: Ball
1-0: Ball
2-0: Called Strike
2-1: Ball
3-1: Base on Balls
Batting: RHB Josh Bebb 0-0: Called Strike
0-1: Ball
1-1: Ball
2-1: Ball
3-1: Fly out, F7 (Flyball, 78D, EV 94.4 MPH)
Batting: RHB Matt Jane 0-0: Ball
1-0: Ball
2-0: Ball
3-0: Base on Balls
Brook Ince to second
Batting: RHB Billie Footitt 0-0: Foul Ball, location: 7LDF
0-1: Fielders Choice at 2nd, 6-4 (Groundball, 6M, EV 101.3 MPH)
Brook Ince to third
Batting: RHB Tim Lewis 0-0: Foul Ball, location: 7LMFF
0-1: Ball
1-1: Swinging Strike
1-2: Foul Ball, location: 7LDF
1-2: Strikes out looking
Bottom of the 4th over - 0 runs, 0 hits, 0 errors, 2 left on base; Belmore 2 - Concord 0
TOP OF THE 5TH
Belmore Bluebirds batting - Pitching for Concord Comets : RHP Clarrie Butler
Batting: RHB Justus Masters 0-0: Fly out, F7 (Line Drive, 78M, EV 96.9 MPH)
Batting: RHB Mitch Aris 0-0: Swinging Strike
0-1: Ball
1-1: Called Strike
1-2: Strikes out swinging
Batting: RHB Clint Moore 0-0: Called Strike
0-1: Bunted foul
0-2: SINGLE (Groundball, 56D, EV 107.5 MPH)
Batting: LHB David Rochow 0-0: Ball
1-0: Ball
2-0: Called Strike
2-1: Swinging Strike
2-2: Foul Ball, location: 2F
2-2: Strikes out looking
Top of the 5th over - 0 runs, 1 hit, 0 errors, 1 left on base; Belmore 2 - Concord 0
BOTTOM OF THE 5TH
Concord Comets batting - Pitching for Belmore Bluebirds : RHP Freddy Muggleton
Batting: RHB Bill Ailen 0-0: Called Strike
0-1: Bunt for hit to 25 - play at first, batter safe!
Batting: RHB Paul Orr 0-0: SINGLE (Line Drive, 7S, EV 101.3 MPH)
Bill Ailen to second
Batting: RHB Darron Juhl 0-0: Bunted foul
0-1: Bunted foul
0-2: Ball
1-2: Ball
2-2: Fielders Choice at 2nd, 3-6 (Groundball, 34S, EV 86.9 MPH)
Bill Ailen to third
Batting: RHB Darryl Cooper 0-0: Fly out, F8 (Line Drive, 8RM, EV 91.9 MPH)
Throwing error, E8
Bill Ailen scores
Darron Juhl to second
Batting: RHB Brook Ince 0-0: Ground out 6-3 (Groundball, 6, EV 101.3 MPH)
Bottom of the 5th over - 1 run, 2 hits, 1 error, 1 left on base; Belmore 2 - Concord 1
TOP OF THE 6TH
Belmore Bluebirds batting - Pitching for Concord Comets : RHP Clarrie Butler
Batting: LHB Jim Cowan 0-0: Swinging Strike
0-1: Ball
1-1: Swinging Strike
1-2: Ball
2-2: Ground out 4-3 (Groundball, 4, EV 90.0 MPH)
Batting: RHB Shea Venables 0-0: Foul Ball, location: 9LDF
0-1: Ball
1-1: Swinging Strike
1-2: SINGLE (Groundball, 34D, EV 100.6 MPH)
Batting: LHB Jamie Ash 0-0: Called Strike
0-1: Ball
1-1: Foul Ball, location: 2LF
1-2: Strikes out swinging
Batting: LHB Matt Barnes 0-0: Swinging Strike
0-1: Ball
1-1: Ball
2-1: Ball
3-1: Called Strike
3-2: SINGLE (Flyball, 4D, EV 94.4 MPH)
Shea Venables to second
Shea Venables to third
Pitching: RHP Jim Simmonds
Batting: RHB David Sadler 0-0: SINGLE (Line Drive, 89M, EV 95.6 MPH)
Shea Venables scores
Matt Barnes to second
Runner from 2nd tries for 3rd, SAFE, throw by CF made to third
Batting: RHB Justus Masters 0-0: Ball
1-0: Ball
2-0: Foul Ball, location: 2F
2-1: DOUBLE (Line Drive, 78D, EV 109.4 MPH)
Matt Barnes scores
David Sadler to third
Batting: RHB Mitch Aris 0-0: Fly out, F6 (Flyball, 56D, EV 86.3 MPH)
Top of the 6th over - 2 runs, 4 hits, 0 errors, 2 left on base; Belmore 4 - Concord 1
BOTTOM OF THE 6TH
Concord Comets batting - Pitching for Belmore Bluebirds : RHP Freddy Muggleton
Batting: RHB Josh Bebb 0-0: Ball
1-0: Ball
2-0: Ball
3-0: Called Strike
3-1: Swinging Strike
3-2: Strikes out looking
Batting: RHB Matt Jane 0-0: Foul Ball, location: 2F
0-1: Called Strike
0-2: Ball
1-2: Ball
2-2: Foul Ball, location: 3F
2-2: Ball
3-2: Foul Ball, location: 3FF
3-2: SINGLE (Line Drive, 4MD, EV 100.0 MPH)
Batting: RHB Billie Footitt 0-0: Ball
Matt Jane steals 2nd base
1-0: Called Strike
1-1: Ball
2-1: Ball
3-1: Base on Balls
Pitching: RHP Peyton Finbow
Batting: RHB Tim Lewis 0-0: Called Strike
0-1: DOUBLE (Line Drive, 89D, EV 110.0 MPH)
Matt Jane scores
Billie Footitt to third
Runner from 3rd tries for Home, SAFE, throw by RF to trailing runner, SAFE at third!
Batting: RHB Bill Ailen 0-0: Foul Ball, location: 2F
0-1: Called Strike
0-2: Strikes out looking
Batting: RHB Paul Orr 0-0: Foul Ball, location: 2F
0-1: Foul Ball, location: 9LMF
0-2: Foul Ball, location: 7LMF
0-2: Strikes out swinging
Bottom of the 6th over - 2 runs, 2 hits, 0 errors, 1 left on base; Belmore 4 - Concord 3
TOP OF THE 7TH
Belmore Bluebirds batting - Pitching for Concord Comets : RHP Jim Simmonds
Batting: RHB Clint Moore 0-0: Ball
1-0: Swinging Strike
1-1: Foul Ball, location: 9LDF
1-2: Foul Ball, location: 3F
1-2: Strikes out swinging
Batting: LHB David Rochow 0-0: Swinging Strike
0-1: Hit by Pitch
Batting: LHB Jim Cowan 0-0: Called Strike
0-1: Ball
1-1: Foul Ball, location: 3F
1-2: Foul Ball, location: 3FF
1-2: Ball
2-2: Ball
3-2: Foul Ball, location: 2F
3-2: Base on Balls
David Rochow to second
Batting: RHB Shea Venables 0-0: Called Strike
0-1: Ball
1-1: Ball
2-1: Fly out, F8 (Line Drive, 8LM, EV 105.6 MPH)
Pitching: LHP Deon Nottingham
Batting: LHB Jamie Ash 0-0: Called Strike
0-1: Ball
1-1: Swinging Strike
1-2: Foul Ball, location: 3F
1-2: Ball
2-2: DOUBLE (Line Drive, 7LD, EV 111.3 MPH)
David Rochow scores
Jim Cowan to third
Batting: LHB Matt Barnes 0-0: Ball
1-0: Ball
2-0: Ball
3-0: Base on Balls
Batting: RHB David Sadler 0-0: Ball
1-0: Fly out, F8 (Line Drive, 78D, EV 93.1 MPH)
Top of the 7th over - 1 run, 1 hit, 0 errors, 3 left on base; Belmore 5 - Concord 3
BOTTOM OF THE 7TH
Concord Comets batting - Pitching for Belmore Bluebirds : RHP Peyton Finbow
Pinch Hitting: RHB Codi Qualtrough 0-0: Ball
1-0: Foul Ball, location: 3SF
1-1: Called Strike
1-2: Foul Ball, location: 2F
1-2: Fly out, F8 (Flyball, 8RD, EV 96.9 MPH)
Batting: RHB Darryl Cooper 0-0: Fly out, F7 (Flyball, 7S, EV 93.8 MPH)
Batting: RHB Brook Ince 0-0: Foul Ball, location: 2F
0-1: Fly out, F6 (Line Drive, 6M, EV 108.8 MPH)
Bottom of the 7th over - 0 runs, 0 hits, 0 errors, 0 left on base; Belmore 5 - Concord 3
TOP OF THE 8TH
Belmore Bluebirds batting - Pitching for Concord Comets : LHP Deon Nottingham
Now at 2B: Codi Qualtrough
Now in RF: Darryl Cooper
Batting: RHB Justus Masters 0-0: Ball
1-0: Called Strike
1-1: Ball
2-1: Foul Ball, location: 2F
2-2: Fly out, F8 (Flyball, 8RD, EV 100.0 MPH)
Batting: RHB Mitch Aris 0-0: Ball
1-0: Called Strike
1-1: Called Strike
1-2: Foul Ball, location: 2F
1-2: Strikes out swinging
Batting: RHB Clint Moore 0-0: Called Strike
0-1: Swinging Strike
0-2: Ball
1-2: Ball
2-2: Strikes out swinging
Top of the 8th over - 0 runs, 0 hits, 0 errors, 0 left on base; Belmore 5 - Concord 3
BOTTOM OF THE 8TH
Concord Comets batting - Pitching for Belmore Bluebirds : RHP Peyton Finbow
Batting: RHB Josh Bebb 0-0: Ball
1-0: Ball
2-0: Called Strike
2-1: Foul Ball, location: 2F
2-2: Ball
3-2: Strikes out swinging
Batting: RHB Matt Jane 0-0: Ball
1-0: Foul Ball, location: 2F
1-1: Foul Ball, location: 7LMF
1-2: Ball
2-2: Ball
3-2: Strikes out swinging, 2-3 out at first.
Batting: RHB Billie Footitt 0-0: Foul Ball, location: 5FF
0-1: Foul Ball, location: 2F
0-2: Ball
1-2: Foul Ball, location: 2F
1-2: SINGLE (Line Drive, 34D, EV 103.1 MPH)
Pitching: RHP Jerome Marshall
Batting: RHB Tim Lewis 0-0: Ball
1-0: Ball
2-0: Foul Ball, location: 2F
2-1: Foul Ball, location: 9LDF
2-2: Foul Ball, location: 23F
2-2: Ball
Wild Pitch!
Billie Footitt to second
3-2: Strikes out swinging
Bottom of the 8th over - 0 runs, 1 hit, 0 errors, 1 left on base; Belmore 5 - Concord 3
TOP OF THE 9TH
Belmore Bluebirds batting - Pitching for Concord Comets : LHP Deon Nottingham
Batting: LHB David Rochow 0-0: Ball
1-0: Ball
2-0: Ball
3-0: Called Strike
3-1: Base on Balls
Pitching: RHP Josh Cottle
Batting: LHB Jim Cowan 0-0: Called Strike
0-1: Called Strike
0-2: Foul Ball, location: 7LDF
0-2: Strikes out swinging
Batting: RHB Shea Venables 0-0: Called Strike
0-1: Swinging Strike
0-2: Ball
1-2: Strikes out looking
Batting: LHB Jamie Ash 0-0: Called Strike
0-1: Swinging Strike
0-2: Strikes out swinging
Top of the 9th over - 0 runs, 0 hits, 0 errors, 1 left on base; Belmore 5 - Concord 3
BOTTOM OF THE 9TH
Concord Comets batting - Pitching for Belmore Bluebirds : RHP Jerome Marshall
Batting: RHB Bill Ailen 0-0: Called Strike
0-1: Fly out, F8 (Flyball, 8LS, EV 91.9 MPH)
Pinch Hitting: SHB Vic Wilder 0-0: Foul Ball, location: 25F
0-1: Foul Ball, location: 7LSF
0-2: Ball
1-2: Ball
2-2: Foul Ball, location: 7LSFF
2-2: SINGLE (Groundball, 6M, EV 106.9 MPH) (infield hit)
Pinch Hitting: RHB Abe Tofield 0-0: Ball
1-0: Foul Ball, location: 2F
1-1: Ball
2-1: Swinging Strike
2-2: Strikes out swinging
Pinch Hitting: RHB Chris Culshaw 0-0: Swinging Strike
0-1: Called Strike
0-2: Fielders Choice at 2nd, U6 (Groundball, 6M, EV 103.8 MPH)
Bottom of the 9th over - 0 runs, 1 hit, 0 errors, 1 left on base; Belmore 5 - Concord 3
Sunday, May 5th , 2024 - OOTP Baseball 24.9 Build 80